 Dungeon Crawl Stone Soup version 0.30.0-29-ga12c61a403 (webtiles) character file.

Game seed: 7370666867413962572

73 cdecastro the Shooter (level 4, -3/40 HPs)
             Began as a Minotaur Hunter on June 20, 2023.
             Slain by Grinder (6 damage)
             ... on level 3 of the Dungeon.
             The game lasted 00:03:30 (1814 turns).

cdecastro the Shooter (Minotaur Hunter)             Turns: 1814, Time: 00:03:31

Health: -3/40      AC:  4    Str: 15    XL:     4   Next: 8%
Magic:  3/3        EV: 12    Int:  6    God:
Gold:   97         SH:  0    Dex: 14    Spells: 3/3 levels left

rFire   . . .        a - +0 shortbow
rCold   . . .        (shield currently unavailable)
rNeg    . . .        n - +1 leather armour of Dust Devil {Will+ rCorr Str-2}
rPois   .            (helmet restricted)
rElec   .            (no cloak)
rCorr   +            (no gloves)
SInv    .            (no boots)
Will    +....        (no amulet)
Stlth   +            (no ring)
HPRegen 0.26/turn    (no ring)
MPRegen 0.08/turn

%: no passive effects
@: no status effects
A: horns 2, retaliatory headbutt
a: no special abilities


You were on level 3 of the Dungeon.
You visited 1 branch of the dungeon, and saw 3 of its levels.

You collected 97 gold pieces.

Inventory:

Hand Weapons
 a - a +0 shortbow (weapon)
Armour
 k - the +1 leather armour "Xozor" {rC+}
   (You found it on level 2 of the Dungeon)

   rC:        It protects you from cold.
 n - the +1 leather armour of Dust Devil (worn) {Will+ rCorr Str-2}
   (You found it on level 2 of the Dungeon)

   Str:       It affects your strength (-2).
   rCorr:     It protects you from acid and corrosion.
   Will:      It increases your willpower.
 s - a +1 scale mail of positive energy
Jewellery
 q - a ring of wizardry
Wands
 t - a wand of polymorph (14)
Scrolls
 b - 2 scrolls of immolation
 c - a scroll of identify {unknown}
 g - a scroll of teleportation {unknown}
 j - 3 scrolls of fog {unknown}
 l - a scroll of fear {unknown}
 p - a scroll of enchant weapon {unknown}
Potions
 d - a potion of brilliance {unknown}
 e - a potion of might {unknown}
 f - a potion of curing {unknown}
 h - a potion of berserk rage {unknown}
 i - 2 potions of haste {unknown}
 m - a potion of flight {unknown}
 o - a potion of cancellation {unknown}
 r - a potion of mutation {unknown}


   Skills:
 + Level 4.1 Fighting
 + Level 5.3 Ranged Weapons
 - Level 2.1 Dodging
 - Level 0.7 Stealth


You had 3 spell levels left.
You didn't know any spells.
Your spell library contained the following spells:

 Spells                   Type           Power      Damage    Failure   Level
 Call Canine Familiar     Summ           0%         N/A       88%         3
 Portal Projectile        Hex/Tloc       0%         N/A       88%         3
 Leda's Liquefaction      Hex/Erth       0%         N/A       99%         4


Dungeon Overview and Level Annotations

Branches:
Dungeon (3/15)

Altars:
Ru

Shops:
D:3 !

Annotations:
D:3 Grinder


Innate Abilities, Weirdness & Mutations

You have a pair of horns on your head.
You reflexively headbutt those who attack you in melee.


Message History

Grinder barely misses you.
You shoot an arrow. The arrow closely misses Grinder.
Grinder hits you.
You writhe in agony.
You are too injured to fight recklessly!
You are too injured to fight recklessly!
You are too injured to fight recklessly!
Unknown command.
Fire: a) +0 shortbow
Press: ? - help, Q - select action, (/) - cycle Shift-Dir - straight line, f/p - Grinder
Aim: Grinder (lightly wounded, 60% to hit)
You shoot an arrow. The arrow barely misses Grinder.
Grinder hits you.
You writhe in agony.
Unknown command.
Fire: a) +0 shortbow
Press: ? - help, Q - select action, (/) - cycle Shift-Dir - straight line, f/p - Grinder
Aim: Grinder (lightly wounded, 60% to hit)
You shoot an arrow.
The arrow hits Grinder but does no damage.
Grinder is lightly wounded.
Grinder misses you.
Fire: a) +0 shortbow
Press: ? - help, Q - select action, (/) - cycle Shift-Dir - straight line, f/p - Grinder
Aim: Grinder (lightly wounded, 60% to hit)
You shoot an arrow. The arrow hits Grinder!
Grinder is moderately wounded.
Grinder hits you!
* * * LOW HITPOINT WARNING * * *
You writhe in agony.
* * * LOW HITPOINT WARNING * * *
Grinder gestures at you.
You easily resist.
Fire: a) +0 shortbow
Press: ? - help, Q - select action, (/) - cycle Shift-Dir - straight line, f/p - Grinder
Aim: Grinder (moderately wounded, 60% to hit)
You shoot an arrow. The arrow hits Grinder.
Grinder is heavily wounded.
Grinder hits you.
* * * LOW HITPOINT WARNING * * *
You writhe in agony.
You die...

.############.#
>........)....#
..........######
#..........##.#
+..........'..#
#..........##.#
#...........#.#
########.......5...#.#
.......#........@..#.#
######.#...........#.#
#.#######'#...#.# #.#
#.#...#.# #.#
#.#####.## #.#
#........# #.#
#######..# #.# #..#
#.#############.)#


You could see Grinder.

Vanquished Creatures
  Terence (D:2)
  3 dart slugs
  4 bats
  6 endoplasms
  A giant cockroach (D:2)
  3 goblins
  7 hobgoblins
  4 kobolds
  2 quokkas
  3 ball pythons (D:1)
  3 frilled lizards (D:2)
  4 rats
41 creatures vanquished.

Notes
Turn   | Place    | Note
-------+----------+-------------------------------------------
     0 | D:1      | cdecastro the Minotaur Hunter began the quest for the Orb.
     0 | D:1      | Reached XP level 1. HP: 18/18 MP: 0/0
   176 | D:1      | Reached XP level 2. HP: 25/25 MP: 1/1
   594 | D:1      | Reached skill level 5 in Ranged Weapons
   594 | D:1      | Reached XP level 3. HP: 25/31 MP: 2/2
   872 | D:2      | Identified the +1 leather armour "Xozor" {rC+}
   891 | D:2      | Found a sacrificial altar of Ru.
   939 | D:2      | Identified the +1 leather armour of Dust Devil {Will+ rCorr
                  | Str-2}
  1077 | D:2      | Noticed Terence
  1477 | D:2      | Killed Terence
  1478 | D:2      | Reached XP level 4. HP: 17/40 MP: 3/3
  1768 | D:3      | Found Yddev's Distillery.
  1781 | D:3      | Noticed Grinder
  1803 | D:3      | Paralysed by Grinder for 4 turns
  1814 | D:3      | Slain by Grinder

Illustrated notes

Levels and vault maps discovered:
D:1:      dpeg_arrival_round_b, layout_basic, chequers_serial_rivers_small_a
D:2:      layout_rooms, basic_altar, uniq_terence
D:3:      layout_basic, mainiacjoe_overflow_cross_hatched, serial_shops, shop,
          uniq_ijyb, uniq_crazy_yiuf_cottage, uniq_grinder

Skill      XL: |  1  2  3 |
---------------+----------+-----
Fighting       | 3 4 |  4.1
Ranged Weapons | 5 |  5.3
Dodging        | |  2.1
Stealth        | |  0.7

Action                     |  1- 3 |  4- 6 || total
---------------------------+-------+-------++-------
   Fire: Shortbow          |   118 |    16 ||   134
 Armour: Leather armour    |     4 |       ||     4
  Dodge: Dodged            |    37 |     4 ||    41
